 Dungeon Crawl Stone Soup version 0.32-a0-913-g739538afd8 (webtiles) character file.

Game seed: 2529379068827719257

14 bronco the Chopper (level 2, 0/26 HPs)
             Began as a Mountain Dwarf Monk on Apr 8, 2024.
             Slain by Terence
             ... wielding a +0 short sword
              (5 damage)
             ... on level 2 of the Dungeon.
             The game lasted 00:01:02 (1043 turns).

bronco the Chopper (Mountain Dwarf Monk)            Turns: 1043, Time: 00:01:03

Health: 0/26       AC:  2    Str: 13    XL:     2   Next: 31%
Magic:  4/4        EV: 11    Int: 10    God:
Gold:   42         SH:  0    Dex: 12    Spells: 4/4 levels left

rFire   . . .        a - +0 hand axe
rCold   . . .        d - orb {light}
rNeg    . . .        b - +0 robe
rPois   .            (no helmet)
rElec   .            (no cloak)
rCorr   .            (no gloves)
SInv    .            (no boots)
Will    .....        (no amulet)
Stlth   +            (no ring)
HPRegen 0.24/turn    (no ring)
MPRegen 0.09/turn

%: no passive effects
@: glowing
A: runic magic, artefact enchanting
a: no special abilities


You were on level 2 of the Dungeon.
You visited 1 branch of the dungeon, and saw 2 of its levels.

You collected 42 gold pieces.

Inventory:

Hand Weapons
 a - a +0 hand axe (weapon)
Missiles
 f - 5 poisoned darts (quivered)
 g - 24 stones
 j - 2 throwing nets
Armour
 b - a +0 robe (worn)
 d - an orb of light (worn)
Jewellery
 h - a ring of fire


   Skills:
 - Level 3.2 Fighting
 - Level 3.6 Axes
 - Level 2.1 Dodging
 + Level 1.6 Spellcasting


You had 4 spell levels left.
You didn't know any spells.
Your spell library was empty.

Dungeon Overview and Level Annotations

Branches:
Dungeon (2/15)

Altars:

Annotations:
D:2 Terence


Innate Abilities, Weirdness & Mutations

Your spellcasting is much less encumbered by armour.
You can use scrolls of enchantment on lesser artefacts.


Message History

Terence misses you.
You are confused.
You feel invigorated. Terence barely misses you.
Terence hits you with a +0 short sword.
You're too confused to move!
Terence hits you with a +0 short sword! Terence hits you with a +0 short sword.
Terence hits you with a +0 short sword. Terence attacks as he pursues you!
Terence hits you with a +0 short sword!
You hit Terence.
Terence is moderately wounded.
You feel less invigorated.
You feel less confused. Terence hits you with a +0 short sword.
You hit Terence but do no damage.
Terence is moderately wounded.
Terence hits you with a +0 short sword.
You hit Terence but do no damage.
Terence is moderately wounded.
Terence barely misses you.
You hit Terence but do no damage.
Terence is moderately wounded.
Terence misses you. Terence hits you with a +0 short sword.
You hit Terence but do no damage.
Terence is moderately wounded.
Terence hits you with a +0 short sword.
You hit Terence.
Terence is heavily wounded.
Terence closely misses you.
You hit Terence.
Terence is severely wounded.
Terence hits you with a +0 short sword.
* * * LOW HITPOINT WARNING * * *
You hit Terence but do no damage.
Terence is severely wounded.
Terence barely misses you.
You hit Terence but do no damage.
Terence is severely wounded.
Terence hits you with a +0 short sword.
You die...
Terence says, "Rest in peace."

......#.....# #.#
............###.### ..
.#................# ..
.................# #.
#.............### #..
#...#.#...#.###
###..##.....#...#.#
......##.........#.##..#.#
......##......<@@...#..#.#
......##.........#.##..#.#
......####..........†....#
......#########..#.###.###
.......................#
.......########..########
.........................
.................########
.#..........###.##


You could see Terence.

Vanquished Creatures
  A ball python (D:1)
  3 endoplasms
  3 jackals
  2 quokkas (D:1)
  3 rats (D:1)
12 creatures vanquished.

Notes
Turn   | Place    | Note
-------+----------+-------------------------------------------
     0 | D:1      | bronco the Mountain Dwarf Monk began the quest for the Orb.
     0 | D:1      | Reached XP level 1. HP: 19/19 MP: 1/1
   167 | D:1      | Reached skill level 1 in Spellcasting
   714 | D:1      | Reached XP level 2. HP: 22/26 MP: 4/4
   942 | D:2      | Noticed Terence
  1043 | D:2      | Slain by Terence

Illustrated notes

Levels and vault maps discovered:
D:1:      elethiomel_arrival_infinity_welcomes_careful_drivers, layout_basic,
          moated_statue
D:2:      layout_basic, serial_shops, nicolae_lakefront_shop,
          due_unseen_surprise, uniq_jessica, uniq_terence

Skill      XL: |  1 |
---------------+----+-----
Spellcasting   | 1 |  1.6
Fighting       | |  3.2
Axes           | |  3.6
Dodging        | |  2.1

Action                     || total
---------------------------++-------
  Melee: Hand axe          ||    59
    Use: Scroll            ||     2
         Potion            ||     1
 Armour: Robe              ||    53
  Dodge: Dodged            ||    37

Table legend: (Time is in decaauts)
 A = Elapsed time spent in this place.
 B = Non-inter-level travel time spent in this place.
 C = Inter-level travel time spent in this place.
 D = Time resting spent in this place.
 E = Time spent auto-exploring this place.
 F = Levels seen in this place.
 G = Mean time per level.
                   A        B        C        D        E       F      G
               +--------+--------+--------+--------+--------+-----+--------+
         Total |   1051 |   1034 |     17 |     38 |    822 |   2 |  525.5 |
       Dungeon |   1051 |   1034 |     17 |     38 |    822 |   2 |  525.5 |
               +--------+--------+--------+--------+--------+-----+--------+

Top non-repeatable levels by time:
     D:1: 903 daAuts
     D:2: 147 daAuts
